 Dungeon Crawl Stone Soup version 0.13-a0-2305-ge00d11d (webtiles) character file.

5202 Grabo the Martial Artist (level 10, -8/72 HPs)
             Began as a Purple Draconian Transmuter on July 9, 2013.
             Was a Follower of Okawaru.
             Mangled by a troll (17 damage)
             ... on Level 9 of the Dungeon.
             The game lasted 00:58:04 (14504 turns).

Grabo the Martial Artist (DrTm)                    Turns: 14504, Time: 00:58:05

HP  -8/72        AC  2     Str 10      XL: 10   Next: 26%
MP   8/16        EV 19     Int 15      God: Okawaru [*.....]
Gold 339         SH  0     Dex 20      Spells:  4 memorised,  2 levels left

Res.Fire  : + . .   See Invis. : .     - Unarmed
Res.Cold  : + . .   Warding    : .   (armour unavailable)
Life Prot.: . . .   Conserve   : .   (shield currently unavailable)
Res.Poison: x       Res.Corr.  : .   s - melded +0 cap
Res.Elec. : .       Clarity    : .   (cloak currently unavailable)
Sust.Abil.: . .     Spirit.Shd : .   (gloves currently unavailable)
Res.Mut.  : .       Stasis     : .   (boots currently unavailable)
Res.Rott. : .       Flight     : .   b - cursed amulet of the gourmand
Gourmand  : +                        y - ring of protection from fire
                                     B - ring of protection from cold {unknown}

@: spider-form, quick, quite resistant to hostile enchantments, fairly stealthy
A: (breathe power), unfitting armour, (deformed body), slow metabolism 1, AC +7,
Str -2, Dex +1
a: End Transformation, Heroism, Renounce Religion


You were on level 9 of the Dungeon.
You worshipped Okawaru.
Okawaru was pleased with you.
You were very full.
You were in spider-form.
You visited 3 branches of the dungeon, and saw 11 of its levels.
You also visited: Sewer.

You collected 429 gold pieces.
You spent 110 gold pieces at shops.

Inventory:

Missiles
 q - 24 stones (quivered)
 Z - 30 arrows
Armour
 s - a +0 cap (melded)
Magical devices
 h - a wand of enslavement (8) {unknown}
Comestibles
 n - 2 bread rations
 C - 15 grapes
 E - a meat ration
Scrolls
 g - 2 scrolls of fog
 m - a scroll of enchant armour
 o - 2 scrolls of teleportation
 p - 2 scrolls of remove curse
 A - 2 scrolls of enchant weapon II
Jewellery
 b - a cursed amulet of the gourmand (around neck)
 j - an uncursed ring of sustenance
 y - a ring of protection from fire (right front leg)
 B - a ring of protection from cold (left front leg) {unknown}
Potions
 c - 2 potions of agility
 i - 13 potions of curing
 k - a potion of magic
 l - a potion of flight
 r - a potion of restore abilities
 t - a potion of beneficial mutation {unknown}
 u - a potion of brilliance {unknown}
 v - 5 potions of heal wounds {unknown}
 x - a potion of paralysis {unknown}
 z - a potion of slowing {unknown}
 F - 2 potions of might {unknown}
Books
 a - a book of Annihilations {highlevel}

   This book is beyond your current level of understanding.

   Spells                             Type                      Level
   Poison Arrow                       Conjuration/Poison           6
   Orb of Destruction                 Conjuration                  7
   Chain Lightning                    Conjuration/Air              8
   Lehudib's Crystal Spear            Conjuration/Earth            8
   Ice Storm                          Conjuration/Ice              9
   Fire Storm                         Conjuration/Fire             9
 d - a book of Changes

   Spells                             Type                      Level
   *Beastly Appendage                 Transmutation                1
   *Sticks to Snakes                  Transmutation                2
   *Spider Form                       Transmutation/Poison         3
   Ice Form                           Ice/Transmutation            4
   *Blade Hands                       Transmutation                5
 f - a book of Dreams

   Spells                             Type                      Level
   Ensorcelled Hibernation            Hexes/Ice                    2
   Flight                             Charms/Air                   3
   Phase Shift                        Translocation                5
   Shadow Creatures                   Summoning                    5
   Mass Confusion                     Hexes                        6
   Darkness                           Hexes                        7
 w - a book of Annihilations {highlevel}

   This book is beyond your current level of understanding.

   Spells                             Type                      Level
   Poison Arrow                       Conjuration/Poison           6
   Orb of Destruction                 Conjuration                  7
   Chain Lightning                    Conjuration/Air              8
   Lehudib's Crystal Spear            Conjuration/Earth            8
   Ice Storm                          Conjuration/Ice              9
   Fire Storm                         Conjuration/Fire             9
Magical staves
 e - an uncursed staff of death
 D - an uncursed staff of power


   Skills:
 - Level 1.1 Fighting
 - Level 1.7 Dodging
 + Level 11.8 Unarmed Combat
 - Level 2.4 Spellcasting
 - Level 10.0 Transmutations


You had 2 spell levels left.
You knew the following spells:

 Your Spells              Type           Power        Failure   Level  Hunger
a - Beastly Appendage     Trmt           ####..       3%          1    #......
b - Spider Form           Trmt/Pois      ###.......   24%         3    ####...
c - Sticks to Snakes      Trmt           ####......   3%          2    ##.....
d - Blade Hands           Trmt           ####......   28%         5    ######.


Dungeon Overview and Level Annotations

Branches:
Dungeon (9/27)             Temple (1/1) D:7            Lair (1/8) D:8
    Orc: D:6-11

Altars:
Ashenzari
Cheibriados
Elyvilon
Fedhas
Kikubaaqudgha
Makhleb
Nemelex Xobeh
Okawaru
Sif Muna
Trog
Vehumet
Xom
Yredelemnul
Zin
the Shining One

Shops:
D:6: ?


Innate Abilities, Weirdness & Mutations

((You can breathe bolts of energy.))*
((You can dispel enchantments when you breathe energy.))*
((Your rich purple scales are hard (AC +7).))*
Your body does not fit into most forms of armour.
Your cold-blooded metabolism reacts poorly to cold.
You are clumsy (Dex -1).
((Your body is misshapen.))*
Your muscles are very flexible, but weak (Str -2, Dex +2).
You have a slow metabolism.


Message History

The troll bites you! The troll claws you!
* * * LOW HITPOINT WARNING * * *
The troll claws you.
* * * LOW HITPOINT WARNING * * *
You found an arrow trap!
Read which item? (? for menu, Esc to quit)
Okay, then.
Drink which item? (? for menu, Esc to quit)
Okay, then.
Casting: Blade Hands
Confirm with . or Enter, or press ? or * to list all spells.
Okay, then.
Casting: Blade Hands
Confirm with . or Enter, or press ? or * to list all spells.
Your hands revert to their normal proportions.
You turn into a venomous arachnid creature.
Your +0 cap melds into your body.
The troll misses you. The troll closely misses you. The troll bites you!
You die...

.......#.....)......###'#........
.......#.........................
#............................####
#..........##................#
#..........##.......#####....#
########...##.......#####....#
###....#########.............#
............................##
...............^s...........#
................T...........#
......................###...#
....###..........#....##########
....# #..........#...(#........#
....# #..........#....#.....(..#
....# #..........#....#........#
....###..........#....#........#
....+............+..>.'........+


You could see a troll.

Vanquished Creatures
  The ghost of Kae the Ruinous, an experienced TeFE of Vehumet (D:6)
  2 yaks (D:8)
  The ghost of Fv001 the Shield-Bearer, an average DrFi (D:4)
  A necrophage (D:8)
  2 hippogriffs
  2 orc warriors
  An ice beast (D:7)
  4 ogres
  3 phantoms
  A black bear (D:9)
  6 sky beasts
  2 centaurs
  The ghost of crypto177 the Slasher, an average DjFi (D:3)
  A crocodile (D:8)
  A big kobold (Sewer)
  A water moccasin (D:6)
  2 giant frogs (D:6)
  A hippogriff skeleton (D:7)
  A big fish (Sewer)
  2 crimson imps
  2 goliath beetles
  A centaur skeleton (D:4)
  A quasit (D:8)
  A giant frog skeleton (D:8)
  4 orc priests
  4 hounds
  9 orc wizards
  4 scorpions
  5 worker ants
  A deep elf soldier (D:8)
  2 iguanas
  A killer bee zombie (D:7)
  Ijyb (D:5)
  Jessica (D:3)
  4 jellies
  2 ogre skeletons
  9 gnolls
  5 green rats (D:8)
  12 adders
  A giant mite (D:3)
  An inept item mimic (D:3)
  A goliath beetle zombie (D:7)
  4 worms
  An iguana skeleton (D:5)
  3 grey rats (Sewer)
  2 giant eyeballs
  7 giant geckos
  3 oozes
  34 orcs
  30 bats
  A bat skeleton (D:4)
  7 giant cockroaches
  9 hobgoblins
  5 jackals
  14 kobolds
  6 quokkas
  2 ball pythons
  5 giant newts
  9 goblins
  A goblin skeleton (D:5)
  A jackal skeleton (D:3)
  2 orc skeletons
  An orc zombie (D:7)
  A quokka zombie (D:6)
  27 rats
283 creatures vanquished.

Vanquished Creatures (collateral kills)
  A golden eye (D:3)
  An orc warrior (D:6)
2 creatures vanquished.

Vanquished Creatures (others)
  A hound (D:9)
  A giant newt (D:1)
  A goblin (D:3)
  4 rats
  2 fungi (D:8)
  4 toadstools (D:1)
13 creatures vanquished.

Grand Total: 298 creatures vanquished

Notes
Turn   | Place    | Note
--------------------------------------------------------------
     0 | D:1      | Grabo, the Draconian Transmuter, began the quest for the Orb.
     0 | D:1      | Reached XP level 1. HP: 16/16 MP: 1/1
   224 | D:1      | Reached XP level 2. HP: 2/23 MP: 0/3
  1061 | D:2      | Reached XP level 3. HP: 9/28 MP: 4/4
  1428 | D:2      | Found a sparkling altar of Nemelex Xobeh.
  1493 | D:2      | Reached skill level 4 in Unarmed Combat
  2001 | D:3      | Learned a level 3 spell: Spider Form
  2004 | D:3      | Learned a level 2 spell: Sticks to Snakes
  2014 | D:3      | Noticed an ice beast
  2030 | D:3      | Noticed a sky beast
  2030 | D:3      | an ice beast changed into a sky beast
  2041 | D:3      | Noticed a golden eye
  2041 | D:3      | a sky beast changed into a golden eye
  2286 | D:3      | Killed a golden eye
  2286 | D:3      | Reached XP level 4. HP: 35/35 MP: 0/6
  2319 | D:3      | Noticed crypto177's ghost (average DjFi)
  2507 | D:3      | Noticed Jessica
  2520 | D:3      | Killed Jessica
  2520 | D:3      | Reached XP level 5. HP: 14/40 MP: 5/7
  2772 | D:3      | Reached skill level 5 in Unarmed Combat
  3190 | D:3      | Found a deep blue altar of Sif Muna.
  3309 | D:3      | Noticed a moth of wrath
  3336 | D:3      | Found a bloodstained altar of Trog.
  3633 | D:3      | Reached XP level 6. HP: 23/47 MP: 7/9
  4137 | D:4      | Found a shimmering altar of Xom.
  4381 | D:4      | Reached skill level 5 in Transmutations
  4505 | D:4      | Noticed Fv001's ghost (average DrFi)
  4829 | D:4      | Reached skill level 6 in Unarmed Combat
  4885 | D:4      | Your scales start taking on a rich purple colour.
  4885 | D:4      | Reached XP level 7. HP: 45/52 MP: 8/11
  5243 | D:3      | Killed crypto177's ghost
  5756 | D:5      | Entered Level 5 of the Dungeon
  6016 | D:5      | Reached skill level 7 in Unarmed Combat
  6023 | D:5      | Found a glowing drain.
  6082 | Sewer    | Entered a sewer
  6418 | Sewer    | Found a white marble altar of Elyvilon.
  6511 | D:5      | Reached XP level 8. HP: 49/60 MP: 12/12
  6580 | D:5      | Learned a level 5 spell: Blade Hands
  6580 | D:5      | Noticed Ijyb
  6596 | D:5      | Killed Ijyb
  6994 | D:6      | Noticed Kae's ghost (experienced TeFE)
  7292 | D:6      | Reached skill level 8 in Unarmed Combat
  8243 | D:6      | Found Ecuzxing's Magic Scroll Boutique.
  8258 | D:6      | Bought a scroll of teleportation for 39 gold pieces
  8258 | D:6      | Bought a scroll of enchant armour for 71 gold pieces
  9529 | D:4      | Killed Fv001's ghost
  9529 | D:4      | Reached skill level 9 in Unarmed Combat
  9529 | D:4      | Reached XP level 9. HP: 25/66 MP: 0/14
 10332 | D:6      | Killed Kae's ghost
 11089 | D:7      | Found a burning altar of Makhleb.
 11111 | D:7      | Reached skill level 10 in Unarmed Combat
 11314 | D:7      | Found a staircase to the Ecumenical Temple.
 11343 | D:7      | Reached skill level 10 in Transmutations
 11394 | Temple   | Entered the Ecumenical Temple
 11614 | Temple   | Became a worshipper of Warmaster Okawaru
 11681 | D:7      | Paralysed by a giant eyeball for 4 turns
 11688 | D:7      | Paralysed by a giant eyeball for 4 turns
 12216 | D:8      | Found a staircase to the Lair.
 12238 | Lair:1   | Entered Level 1 of the Lair of Beasts
 12339 | D:8      | Reached skill level 11 in Unarmed Combat
 12339 | D:8      | Reached XP level 10. HP: 44/72 MP: 16/16
 12677 | D:8      | Acquired Okawaru's first power
 12836 | D:8      | Gained mutation: You have a slow metabolism. [mutagenic meat]
 12838 | D:8      | Gained mutation: You are clumsy (Dex -1). [mutagenic meat]
 12982 | D:8      | HP: 3/72 [orc warrior/orcish glaive (19)]
 13420 | D:8      | Gained mutation: Your muscles are flexible, but weak (Str -1, Dex +1). [potion of mutation]
 13420 | D:8      | Gained mutation: Your body is misshapen. [potion of mutation]
 13420 | D:8      | Gained mutation: Your muscles are very flexible, but weak (Str -2, Dex +2). [potion of mutation]
 13705 | D:8      | Paralysed by a giant eyeball for 2 turns
 14504 | D:9      | Mangled by a troll

Action                   |  1- 3 |  4- 6 |  7- 9 | 10-12 || total
-------------------------+-------+-------+-------+-------++-------
Melee: Unarmed           |   170 |   229 |   725 |   163 ||  1287
 Fire: Sling             |    10 |     1 |       |       ||    11
Throw: Stone             |       |       |     7 |       ||     7
 Cast: Beastly Appendage |     5 |     8 |    37 |    10 ||    60
       Sticks to Snakes  |     4 |     5 |    19 |       ||    28
       Spider Form       |       |     3 |     5 |     1 ||     9
       Blade Hands       |       |       |     7 |     3 ||    10
Invok: Heroism           |       |       |       |     1 ||     1
 Abil: Breathe Dispellin |       |       |    11 |     3 ||    14
Evoke: Wand              |     6 |       |       |       ||     6
  Use: Scroll            |       |    11 |     7 |     2 ||    20
       Potion            |       |       |     1 |     2 ||     3
 Stab: Sleeping          |     1 |       |     3 |       ||     4
       Distracted        |       |       |     2 |       ||     2
